 Dungeon Crawl Stone Soup version 0.31-a0-193-gdfe2569204 (webtiles) character file.

Game seed: 14418312921407460498

49 qw the Shooter (level 3, 0/20 HPs)
             Began as a Deep Elf Hunter on June 24, 2023.
             Slain by Sigmund
             ... wielding a +0 scythe
              (3 damage)
             ... on level 2 of the Dungeon.
             The game lasted 00:00:20 (695 turns).

qw the Shooter (Deep Elf Hunter)                     Turns: 695, Time: 00:00:21

Health: 0/20       AC:  7    Str: 10    XL:     3   Next: 51%
Magic:  0/5        EV: 11    Int: 13    God:
Gold:   1          SH:  0    Dex: 18    Spells: 2/2 levels left

rFire   . . .        Y - +0 shortbow
rCold   . . .        (shield currently unavailable)
rNeg    . . .        e - +0 ring mail
rPois   .            (no helmet)
rElec   .            k - +1 cloak
rCorr   .            (no gloves)
SInv    .            (no boots)
Will    .....        d - amulet of guardian spirit
Stlth   +            (no ring)
HPRegen 0.23/turn    (no ring)
MPRegen 0.09/turn

%: guardian spirit
@: no status effects
A: no striking features
a: no special abilities


You were on level 2 of the Dungeon.
You visited 1 branch of the dungeon, and saw 2 of its levels.

You collected 34 gold pieces.
You spent 33 gold pieces at shops.


   Skills:
 - Level 1.5 Fighting
 + Level 7.0 Ranged Weapons
 - Level 2.4 Dodging
 - Level 1.2 Stealth


You had 2 spell levels left.
You didn't know any spells.
Your spell library was empty.

Inventory:

Hand Weapons
 Y - a +0 shortbow (weapon)
Armour
 e - a +0 ring mail (worn)
 k - a +1 cloak (worn)
Jewellery
 d - an amulet of guardian spirit (around neck)
Potions
 a - a potion of curing
 f - a potion of haste {unknown}

Dungeon Overview and Level Annotations

Branches:
Dungeon (2/15)

Altars:

Shops:
D:1 (   D:2 !

Annotations:
D:2 Sigmund


Message History

The adder is moderately wounded.
You shoot an arrow. The arrow hits the adder.
The adder is severely wounded.
You shoot an arrow. The arrow hits the adder!
You kill the adder!
Your Ranged Weapons skill increases to level 7!
There is a stone staircase leading down here.
There is an entrance to Kuni's Distillery here.
677 ||| SHOPLISTING potion of cancellation (88 gold, have 34).
You can access your shopping list by pressing '$'.
677 ||| BUYING potion of curing (33 gold).
a - a potion of curing Thank you for shopping at Kuni's Distillery!
You can access your shopping list by pressing '$'.
677 ||| SHOPLISTING potion of curing (33 gold, have 1).
You can access your shopping list by pressing '$'.
677 ||| SHOPLISTING potion of might (44 gold, have 1).
You can access your shopping list by pressing '$'.
677 ||| SHOPLISTING potion of mutation (88 gold, have 1).
You can access your shopping list by pressing '$'.
A rat comes into view.
You shoot an arrow. The arrow hits the rat!
You kill the rat!
Sigmund the Dreaded comes into view.
He is wielding a +0 scythe.
Found an escape hatch in the ceiling.
Sigmund shouts!
Sigmund gestures wildly while chanting.
Sigmund flickers and vanishes!
Deactivating autopickup; reactivate with Ctrl-A.
You shoot an arrow.
A magic dart appears from out of thin air!
The magic dart hits you!
You shoot an arrow. You shoot an arrow. Something hits you!
You shoot an arrow. Something hits you.
You shoot an arrow. Something hits you.
You die...

..........#
.#####.#.##
#.#.###
#.#...#####
#...........
#..##.######
#........
#...#.###
#@..#.#
#...#.#
#$.{#.#
#.....
##....#
#...# ...#
..<#


There were no monsters in sight!

Vanquished Creatures
  An adder (D:2)
  2 dart slugs (D:1)
  2 ball pythons (D:1)
  2 endoplasms (D:1)
  A giant cockroach (D:1)
  10 goblins
  A hobgoblin (D:1)
  3 jackals (D:1)
  3 kobolds (D:1)
  A quokka (D:1)
  A bat (D:1)
  2 frilled lizards (D:1)
  4 rats
33 creatures vanquished.

Notes
Turn   | Place    | Note
-------+----------+-------------------------------------------
     0 | D:1      | qw the Deep Elf Hunter began the quest for the Orb.
     0 | D:1      | Reached XP level 1. HP: 12/12 MP: 3/3
     0 | D:1      | 0 ||| qw: Version: 0.3-a-9-g12657ce
     0 | D:1      | 0 ||| qw: Game counter: 4715
     0 | D:1      | 0 ||| qw: Always use a shield: true
     0 | D:1      | 0 ||| qw: God list: Okawaru
     0 | D:1      | 0 ||| qw: Allow faded altars: false
     0 | D:1      | 0 ||| qw: Do Orc after D:15 true
     0 | D:1      | 0 ||| qw: Do second Lair branch before Depths: true
     0 | D:1      | 0 ||| qw: Lair rune preference: random
     0 | D:1      | 0 ||| qw: Plans: Normal
     0 | D:1      | 0 ||| PLANNING D:1-11
   104 | D:1      | Reached XP level 2. HP: 16/16 MP: 4/4
   142 | D:1      | Reached skill level 6 in Ranged Weapons
   260 | D:1      | Found Waox's Weapon Shoppe.
   264 | D:1      | 264 ||| SHOPLISTING +4 arbalest of draining (301 gold, have
                  | 13).
   352 | D:1      | Reached XP level 3. HP: 20/20 MP: 5/5
   511 | D:1      | 511 ||| UPGRADING to +0 ring mail.
   521 | D:1      | 521 ||| DROPPING +0 leather armour.
   522 | D:1      | 522 ||| UPGRADING to +1 cloak.
   527 | D:1      | 527 ||| UPGRADING to amulet of guardian spirit.
   532 | D:1      | 532 ||| READING scroll labelled ICEYTY CUUSEM.
   533 | D:1      | 533 ||| READING scroll labelled SIUBIAROEMM.
   634 | D:1      | 634 ||| READING scroll labelled FAUKHLY UWUORIW.
   635 | D:1      | 635 ||| READING scroll labelled UROPUL HOPSOHO.
   636 | D:1      | 636 ||| DROPPING scroll of butterflies.
   668 | D:2      | Reached skill level 7 in Ranged Weapons
   668 | D:2      | Found Kuni's Distillery.
   677 | D:2      | 677 ||| SHOPLISTING potion of cancellation (88 gold, have
                  | 34).
   677 | D:2      | 677 ||| BUYING potion of curing (33 gold).
   677 | D:2      | Bought a potion of curing for 33 gold pieces
   677 | D:2      | 677 ||| SHOPLISTING potion of curing (33 gold, have 1).
   677 | D:2      | 677 ||| SHOPLISTING potion of might (44 gold, have 1).
   677 | D:2      | 677 ||| SHOPLISTING potion of mutation (88 gold, have 1).
   690 | D:2      | Noticed Sigmund
   694 | D:2      | HP: 3/20 [something (4)]
   695 | D:2      | Slain by Sigmund

Levels and vault maps discovered:
D:1:      lightli_arrival_chessboard, layout_basic, serial_shops,
          nicolae_shop_real_fake_doors
D:2:      layout_loops_ring, serial_shops, shop, minmay_rat_gold_closets,
          uniq_sigmund, uniq_robin

Skill      XL: |  1  2  3 |
---------------+----------+-----
Ranged Weapons | 6 7 |  7.0
Fighting       | |  1.5
Dodging        | |  2.4
Stealth        | |  1.2

Action                     || total
---------------------------++-------
   Fire: Shortbow          ||    80
    Use: Scroll            ||     4
 Armour: Leather armour    ||     6
  Dodge: Dodged            ||    16

Table legend:
 A = Non-vault XP
 B = Vault XP
 C = Vault XP percentage of total XP
 D = Non-vault monster count
 E = Vault monster count
 F = Vault count percentage of total count
                 A         B        C        D         E       F
            +---------+---------+-------+---------+---------+-------
      Total |      66 |       4 |   5.7 |      31 |       2 |   6.1
            +---------+---------+-------+---------+---------+-------
        D:1 |      51 |       0 |   0.0 |      29 |       0 |   0.0
        D:2 |      15 |       4 |  21.1 |       2 |       2 |  50.0
            +---------+---------+-------+---------+---------+-------
